 BcadrenCrawl: Boulder Brew version 0.03.2.1-27-g9e5655dcad (webtiles) character file.

Game seed: 4099544285731695443, levelgen mode: deterministic

63 esc the Whippersnapper (level 3, -3/40 HPs) Lignifite Berserker. Began on Jan 15, 2021. Was a Follower of Trog. Slain by a sewer rat (5 damage) ... on level 2 of the Dungeon. The game lasted 00:04:13 (444 turns).

esc the Whippersnapper (Lignifite Berserker)         Turns: 444, Time: 00:04:14

Health: -3/40      AC:  1    Str: 27    XL:     3 ^: 7
Magic:  4/4        EV:  6    Int:  8    God:    Trog [1* [45]]
Gold:   36         SH:  2    Dex:  8    Spells: 2/2 levels left

rFire    x . .     Vision   .   a - +0 whip
rCold    . . .     Gourm    .   (weapon restricted)
rNeg     . . .     Faith    .   b - +0 animal skin
rPois    +         Spirit   .   (helmet restricted)
rElec    .         Reflect  .   (no cloak)
rCorr    .         Harm     .   (gloves unavailable)
MR       +....     Rnd*Rage +   (boots unavailable)
Stlth    ..........             (no amulet)
HPRegen  0.23/turn              g - ring of protection from magic
MPRegen  0.14/turn              (no ring)

@: berserking, very quick
A: very small, rF-, deformed body, speed 1, poison resistance, slow metabolism
1, torment resistance, plant, rot immunity
a: Berserk, Renounce Religion


You were on level 2 of the Dungeon.
You worshipped Trog.
Trog was aware of your devotion.
You were not hungry.

You visited 1 branch of the dungeon, and saw 2 of its levels.

You collected 36 gold pieces.

Inventory:

Weapons
 a - a +0 whip (weapon)
Armour
 b - a +0 animal skin (worn)
Jewellery
 g - a ring of protection from magic (left hand)
Scrolls
 d - a scroll of summoning
 e - a scroll of enchantment
Comestibles
 c - 3 rations
 f - 6 chunks of flesh


   Skills:
 + Level 3.9 Fighting
 + Level 4.2 Whips & Flails
 + Level 3.0 Dodging


You had 2 spell levels left.
You didn't know any spells.
Your spell library was empty.

Dungeon Overview and Level Annotations

Branches:
Dungeon (2/8)

Altars:


Innate Abilities, Weirdness & Mutations

Your woody flesh burns easily. (rF-)
A tangle of shorter branches protects your body from attack. (+2 SH)
You are very small and have problems with some larger weapons.
You are too small for most types of armour.
Armour fits poorly on your strangely shaped body.
You cover ground quickly.
Your system is resistant to poisons. (rPois)
You have a slow metabolism.
You are immune to unholy pain and torment.
You require very little carbon dioxide to survive.
You are immune to rotting.
You frequently lose your temper in combat.
This godly rage surpasses even clarity. (*Rage)


Message History

You hit the sewer rat (1). You punch the sewer rat (11)!
You kill the sewer rat!
Trog accepts your kill. The sewer rat bites you (4).
* * * LOW HITPOINT WARNING * * *
The sewer rat bites you but does no damage.
You hit the sewer rat (3). You closely miss the sewer rat.
The sewer rat is moderately wounded. (7/10) HP The sewer rat barely misses you (0).
You hit the sewer rat (6). You hit the sewer rat (4).
You kill the sewer rat!
Trog accepts your kill.
Your Dodging skill increases to level 3!
The sewer rat barely misses you (0).
You barely miss the sewer rat. You closely miss the sewer rat.
The sewer rat bites you (5).
* * * LOW HITPOINT WARNING * * *
The sewer rat blocks your attack.
You closely miss the sewer rat. The sewer rat bites you (5).
You die...

############
.≈.≈#....†.#
......≈≈rr@#
......≈≈≈rr# ?..
$.....≈≈≈≈.# ...
......≈≈≈≈.#
!.......#.J≈≈≈≈#
#...###≈≈P≈≈≈≈#
...#..#≈P≈≈≈≈#
#.....P≈≈≈≈≈#
#....#P≈≈≈≈.#


You could see a jelly and 4 submerged sewer rats.

Vanquished Creatures
  A giant cockroach (D:1)
  2 sewer rats (D:2)
  A cinder newt (D:2)
  A worm (D:2)
  An ooze (D:2)
  A goblin (D:1)
  A hobgoblin (D:1)
  A ball python (D:2)
  2 bats (D:1)
  3 kobolds (D:1)
  2 kobold skeletons (D:2)
  3 rats (D:1)
19 creatures vanquished.

Vanquished Creatures (others)
  A plant (D:2)
  12 withered plants (D:2)
13 creatures vanquished.

Grand Total: 32 creatures vanquished

Notes
Turn   | Place    | Note
-------+----------+-------------------------------------------
     0 | D:1      | esc the Lignifite Berserker began the quest for the Orb.
     0 | D:1      | Reached XP level 1. HP: 14/14 MP: 2/2
   212 | D:1      | Reached XP level 2. HP: 18/21 MP: 3/3
   379 | D:2      | Reached skill level 4 in Whips & Flails
   400 | D:2      | Reached XP level 3. HP: 14/26 MP: 4/4
   443 | D:2      | HP: 2/40 [sewer rat (5)]
   444 | D:2      | Slain by a sewer rat

Levels and vault maps discovered:
D:1:      lightli_arrival_quake, layout_basic, lightli_sewer_entry_pipes
D:2:      layout_sewer, sewer_frog_spiral, first_ration, serial_bayou_pond_e,
          minmay_misc_feat_nine_boxes, hangedman_abyss_or_decor_stabs

Skill      XL: |  1  2  3 |
---------------+----------+-----
Whips & Flails | 4 |  4.2
Dodging        | 3 |  3.0
Fighting       | |  3.9

Action                   || total
-------------------------++-------
Melee: Whip              ||    38
       Unarmed           ||    24
Invok: Berserk           ||     2
Armor: Animal skin       ||     5
Dodge: Dodged            ||    10
Block: Other             ||     2
